AoeStats
← darador86

Black Forest

506738633Analyzed
1v1 RM · 19d ago on Sep 14, 2026· 33m 52s· 2 players
Game mode
Random Map
Map size
Tiny (2 player)
Population
200
Speed
Normal
Resources
Standard
Victory
Conquest
Starting age
Dark Age
Ending age
Imperial Age
RankedLock teamsTeams togetherTeam positionsShared explorationLock speedFull tech treeHidden civsTurbo modeCheats
Victory
Defeat
🇧🇷 Jurchens · Brazil
553
+14
🇦🇷 Huns · Argentina
500
-14
darador86
0:53 Loom
13:40 Feudal Age
14:02 Man-at-Arms
15:32 Horse Collar
16:47 Double-Bit Axe
26:19 Castle Age
25:49 Gold Mining
25:50 Stone Mining
25:59 Stone Mining
27:17 Heavy Plow
27:54 Gold Shaft Mining
Cholo-Mochica
3:01 Loom
10:48 Feudal Age
11:11 Man-at-Arms
15:40 Double-Bit Axe
21:37 Bloodlines
23:20 Horse Collar
31:34 Castle Age
31:48 Pikeman
Connection lost

Rejoining the realm…

Still unreachable

The connection could not be restored.

Session expired

The server has moved on; the page needs a fresh start.